 Dungeon Crawl Stone Soup version 0.17.1-1-g73c8601 (webtiles) character file.

9755 Implojin the Grappler (level 11, -3/111 HPs)
             Began as a Troll Fighter on Mar 31, 2016.
             Was a High Priest of Cheibriados.
             Slain by a spiny frog (20 damage)
             ... on level 2 of the Lair of Beasts.
             The game lasted 00:18:29 (2754 turns).

Implojin the Grappler (Troll Fighter)               Turns: 2754, Time: 00:18:29

Health: -3/111     AC:  8    Str: 39    XL:     11   Next: 27%
Magic:  7/13       EV:  9    Int: 15    God:    Cheibriados [*****.]
Gold:   451        SH: 11    Dex: 25    Spells: 0 memorised, 10 levels left

rFire  . . .     SeeInvis .       - Unarmed
rCold  + . .     Clarity  .     C - +2 robe {rC+}
rNeg   . . .     SustAt   .     b - +0 shield
rPois  .         Gourm    +     (helmet restricted)
rElec  .         Spirit   .     g - +0 cloak
rCorr  .         Warding  .     (gloves unavailable)
rMut   .         Stasis   .     (boots unavailable)
MR     +....                    (no amulet)
Stlth  ++........               q - -2 ring of intelligence (curse)
                                D - ring of protection from magic

@: lethally poisoned (-3 -> -4), very slow, somewhat resistant to hostile
enchantments, unstealthy
A: unfitting armour, claws 3, fast metabolism 3, gourmand, regeneration 2,
shaggy fur 1, tough skin 2
a: Bend Time, Temporal Distortion, Slouch, Step From Time, Renounce Religion


You were on level 2 of the Lair of Beasts.
You worshipped Cheibriados.
Cheibriados was extremely pleased with you.
You were full.

You visited 3 branches of the dungeon, and saw 14 of its levels.
You also visited: Sewer and Ice Cave.

You collected 451 gold pieces.

Inventory:

Missiles
 u - 8 tomahawks (quivered)
Armour
 a - a +0 robe
 b - a +0 shield (worn)
 g - a +0 cloak (worn)
 C - a +2 robe of cold resistance (worn)
 E - a steam dragon hide
Jewellery
 j - an uncursed ring of wizardry
 m - an uncursed ring of ice
 q - a cursed -2 ring of intelligence (right claw)
 y - the ring of Mistrust {rPois rN+ EV+3 Str-3, unknown}
   (You found it on level 2 of the Lair of Beasts)

   [ring of evasion]

   It affects your evasion (+3).
   It affects your strength (-3).
   It protects you from poison.
   It protects you from negative energy.
 B - an uncursed ring of ice
 D - a ring of protection from magic (left claw)
Wands
 t - a wand of lightning (9)
Scrolls
 e - a scroll of recharging
 f - 6 scrolls of remove curse
 k - a scroll of amnesia
 l - 2 scrolls of immolation
Potions
 c - 2 potions of might
 h - a potion of poison
 i - 2 potions of lignification
 n - 4 potions of flight
 p - a potion of cancellation
 s - a potion of curing
Books
 z - a book of Cantrips

   Spells                             Type                      Level
   a - Corona                         Hexes                        1
   b - Animate Skeleton               Necromancy                   1
   c - Summon Small Mammal            Summoning                    1
   d - Apportation                    Translocation                1
Miscellaneous
 o - a sack of spiders
Comestibles
 d - 7 bread rations
 r - 2 meat rations
 v - a royal jelly
 w - 12 fruits
 x - 6 slices of pizza


   Skills:
 - Level 8.1 Fighting
 - Level 2.4 Dodging
 - Level 2.4 Shields
 - Level 14.0 Unarmed Combat
 * Level 4.3 Invocations


You had 10 spell levels left.
You didn't know any spells.

Dungeon Overview and Level Annotations

Branches:
Dungeon (11/15)            Temple (1/1) D:4            Lair (2/8) D:9
    Orc: D:9-12

Altars:
Ashenzari
Cheibriados
Dithmenos
Elyvilon
Fedhas
Gozag
Kikubaaqudgha
Makhleb
Ru
Sif Muna
Trog
Xom
Yredelemnul
Zin
The Shining One
Beogh

Annotations:
D:10 Sonja
D:11 Grum


Innate Abilities, Weirdness & Mutations

You are too large for most types of armour.
You have claws for hands.
Your metabolism is lightning-fast.
You like to eat raw meat.
You heal very quickly.
You are covered in fur (AC +1).
You have very tough skin (AC +2).


Message History

Unknown command.
You miss the wolf. The wolf bites you!
* * * LOW HITPOINT WARNING * * *
You block the wolf's attack. The wolf bites you!
* * * LOW HITPOINT WARNING * * *
A spiny frog comes into view.
The spiny frog croaks.
The wolf closely misses you.
Unknown command.
The wolf bites you!
* * * LOW HITPOINT WARNING * * *
You block the wolf's attack.
Found a meat ration.
You can feel time thicken for a moment.
You kill the wolf!
Cheibriados thoroughly appreciates the change of pace.
Your Invocations skill increases to level 4!
You kill the wolf!
Cheibriados thoroughly appreciates the change of pace.
You kill the wolf!
Cheibriados thoroughly appreciates the change of pace.
You feel somewhat less full.
Cheibriados reduces the support of your attributes as your movement quickens.
Unknown command.
The spiny frog stings you!
* * * LOW HITPOINT WARNING * * *
You claw the spiny frog!
The spiny frog is almost dead.
You block the spiny frog's attack.
Unknown command.
You scratch the spiny frog but do no damage.
The spiny frog is almost dead.
The spiny frog stings you.
* * * LOW HITPOINT WARNING * * *
You are poisoned.
The spiny frog poisons you!
Your shield prevents you from hitting the spiny frog.
The spiny frog is almost dead.
You feel sick. The spiny frog stings you!!
You die...

.. ...?............#
...#. #.....$.......#
..#.. ##..#.#.....#..#
....###.......?..PP..P
#....##P.............
. #..........##....P.<
...#......#...#
##.#...
........††#.....#
.....
.......@F#........ ..
........#..........
...................
..?.....#..###..#..
........#### #..
.......## . .%.....
...##.#


You could see a spiny frog.

Vanquished Creatures
  Josephine (D:11)
  Fannar (D:11)
  An ice devil (Lair:2)
  A spiny frog (Lair:1)
  2 trolls (D:11)
  A two-headed ogre (D:11)
  The ghost of JirkfaceJones the Magician, an amateur DEWz (D:5)
  3 wraiths (D:11)
  11 yaks
  A steam dragon (D:11)
  4 wolves (Lair:2)
  A mottled dragon (D:11)
  A wasp (D:9)
  6 ogres
  2 centaurs
  A phantom (D:9)
  A sky beast (D:8)
  8 ice beasts (Lair:2)
  An eye of draining (D:11)
  5 orc warriors
  A necrophage (D:6)
  6 giant frogs
  3 big kobolds (D:8)
  A wyvern zombie (D:11)
  2 wyvern skeletons
  A scorpion (D:8)
  3 hounds
  2 quasits
  A crimson imp (D:6)
  A jelly (D:9)
  7 orc wizards
  A centaur skeleton (D:11)
  2 orc priests
  2 iguanas
  A giant frog skeleton (D:10)
  A siren (Sewer)
  A merfolk avatar (Sewer)
  2 worker ants
  2 sheep (D:8)
  A worker ant zombie (D:5)
  6 adders
  19 river rats
  A worm (D:2)
  2 giant geckos (D:6)
  29 orcs
  6 ball pythons (Sewer)
  2 giant cockroaches (D:6)
  2 goblins
  3 hobgoblins
  2 jackals (D:3)
  2 quokkas
  7 giant newts
  2 kobolds
  24 rats
  A toadstool (D:1)
202 creatures vanquished.

Vanquished Creatures (others)
  3 toadstools (D:1)
3 creatures vanquished.

Grand Total: 205 creatures vanquished

Notes
Turn   | Place    | Note
--------------------------------------------------------------
     0 | D:1      | Implojin the Troll Fighter began the quest for the Orb.
     0 | D:1      | Reached XP level 1. HP: 22/22 MP: 0/0
    64 | D:3      | Reached skill level 3 in Unarmed Combat
    64 | D:3      | Reached XP level 2. HP: 19/29 MP: 1/1
   136 | D:3      | Found a glowing golden altar of the Shining One.
   138 | D:3      | Found a sacrificial altar of Ru.
   139 | D:3      | Found a bloodstained altar of Trog.
   139 | D:3      | Found a glowing silver altar of Zin.
   139 | D:3      | Found a deep blue altar of Sif Muna.
   140 | D:3      | Found a shattered altar of Ashenzari.
   249 | D:4      | Reached skill level 4 in Unarmed Combat
   249 | D:4      | Reached XP level 3. HP: 32/36 MP: 2/2
   323 | D:4      | Found a staircase to the Ecumenical Temple.
   335 | Temple   | Entered the Ecumenical Temple
   388 | Temple   | Became a worshipper of Cheibriados the Contemplative
   421 | D:5      | Entered Level 5 of the Dungeon
   421 | D:5      | Noticed JirkfaceJones's ghost (amateur DEWz)
   462 | D:5      | Killed JirkfaceJones's ghost
   462 | D:5      | Reached skill level 6 in Unarmed Combat
   462 | D:5      | Reached XP level 4. HP: 34/44 MP: 3/3
   462 | D:5      | Reached XP level 5. HP: 38/50 MP: 4/4
   505 | D:6      | Noticed a necrophage
   513 | D:6      | Killed a necrophage
   513 | D:6      | Reached XP level 6. HP: 54/58 MP: 5/5
   555 | D:6      | Reached skill level 7 in Unarmed Combat
   608 | D:6      | Found an opulent altar of Gozag.
   631 | D:6      | Reached XP level 7. HP: 65/65 MP: 6/6
   650 | D:6      | Reached * piety under Cheibriados
   657 | D:6      | Found a glowing drain.
   661 | Sewer    | Entered a sewer
   699 | Sewer    | Reached skill level 8 in Unarmed Combat
   799 | Sewer    | Reached ** piety under Cheibriados
   856 | Sewer    | Noticed a drowned soul
   858 | Sewer    | Noticed a drowned soul
   858 | Sewer    | Noticed a drowned soul
   858 | Sewer    | Noticed a drowned soul
   860 | Sewer    | Noticed a drowned soul
   862 | Sewer    | Noticed a drowned soul
   864 | Sewer    | Noticed a drowned soul
   864 | Sewer    | Noticed a drowned soul
  1001 | D:8      | Reached skill level 9 in Unarmed Combat
  1045 | D:8      | Noticed a yak
  1046 | D:8      | Noticed a yak
  1070 | D:8      | Killed a yak
  1070 | D:8      | Reached XP level 8. HP: 52/73 MP: 7/7
  1073 | D:8      | Killed a yak
  1073 | D:8      | Reached skill level 10 in Unarmed Combat
  1114 | D:8      | Noticed a three-headed hydra
  1136 | D:8      | Reached *** piety under Cheibriados
  1140 | D:8      | Reached skill level 11 in Unarmed Combat
  1267 | D:9      | Reached XP level 9. HP: 79/79 MP: 8/8
  1300 | D:8      | Reached skill level 12 in Unarmed Combat
  1337 | D:10     | Entered Level 10 of the Dungeon
  1493 | D:11     | Reached skill level 13 in Unarmed Combat
  1505 | D:11     | Reached **** piety under Cheibriados
  1600 | D:11     | Noticed Grum
  1633 | D:10     | Noticed Sonja
  1648 | D:11     | Noticed Fannar
  1782 | D:10     | Found a roughly hewn altar of Beogh.
  1789 | D:10     | Reached XP level 10. HP: 45/87 MP: 9/9
  1827 | D:10     | Reached skill level 14 in Unarmed Combat
  1847 | D:10     | Reached skill level 3 in Fighting
  2025 | D:11     | Killed Fannar
  2025 | D:11     | Reached skill level 4 in Fighting
  2091 | D:11     | Reached skill level 5 in Fighting
  2106 | D:11     | Reached ***** piety under Cheibriados
  2122 | D:11     | Noticed Josephine
  2129 | D:11     | Killed Josephine
  2129 | D:11     | Reached skill level 6 in Fighting
  2155 | D:11     | Reached skill level 7 in Fighting
  2549 | D:9      | Found a staircase to the Lair.
  2557 | Lair:1   | Entered Level 1 of the Lair of Beasts
  2592 | Lair:1   | Reached skill level 8 in Fighting
  2592 | Lair:1   | Reached XP level 11. HP: 91/111 MP: 10/10
  2630 | Lair:2   | Found a frozen archway.
  2640 | Lair:2   | Reached skill level 1 in Invocations
  2658 | Lair:2   | Got a wavering lapis lazuli ring
  2661 | Lair:2   | Reached skill level 2 in Invocations
  2681 | IceCv    | Entered an ice cave
  2687 | IceCv    | Noticed an ice devil
  2688 | IceCv    | Noticed zxpr0jk's ghost (journeyman DrBe)
  2703 | Lair:2   | Killed an ice devil
  2703 | Lair:2   | Reached skill level 3 in Invocations
  2750 | Lair:2   | Reached skill level 4 in Invocations
  2754 | Lair:2   | Slain by a spiny frog

Action                   |  1- 3 |  4- 6 |  7- 9 | 10-12 || total
-------------------------+-------+-------+-------+-------++-------
Melee: Unarmed           |    87 |    34 |   274 |   212 ||   607
Throw: Tomahawk          |       |       |       |     3 ||     3
Invok: Slouch            |       |       |       |     1 ||     1
Evoke: Wand              |       |       |     1 |       ||     1
  Use: Potion            |       |       |     1 |     2 ||     3
       Scroll            |       |       |    14 |     4 ||    18
 Stab: Sleeping          |     1 |       |       |     1 ||     2
  Eat: Chunk             |     4 |     4 |     7 |     7 ||    22

Table legend:
 A = Turns spent in this place as a percentage of turns spent in the entire game.
 B = Non-inter-level travel turns spent in this place as a percentage of non-inter-level travel turns spent in the entire game.
 C = Inter-level travel turns spent in this place as a percentage of turns spent in this place.
 D = Turns resting spent in this place as a percentage of non-inter-level travel turns spent in this place.
 E = Turns spent auto-exploring this place as a percentage of non-inter-level travel turns spent in this place.
 F = Non-inter-level travel turns spent in this place divided by the number of levels of this place that you've seen.
                   A       B       C       D       E      F
               +-------+-------+-------+-------+-------+----------------------
         Total | 100.0 | 100.0 |   0.0 |   0.2 |   0.0 | 168.1
       Dungeon |  81.4 |  81.4 |   0.0 |   0.3 |   0.0 | 198.9
        Temple |   2.6 |   2.6 |   0.0 |   0.0 |   0.0 |  69.0
          Lair |   7.0 |   7.0 |   0.0 |   0.0 |   0.0 |  93.5
         Sewer |   8.5 |   8.5 |   0.0 |   0.0 |   0.0 | 229.0
      Ice Cave |   0.6 |   0.6 |   0.0 |   0.0 |   0.0 |  16.0
               +-------+-------+-------+-------+-------+----------------------

Table legend:
 A = Kills in this place as a percentage of kills in entire the game.
 B = Kills by you in this place as a percentage of kills by you in the entire game.
 C = Kills by friends in this place as a percentage of kills by friends in the entire game.
 D = Other kills in this place as a percentage of other kills in the entire game.
 E = Experience gained in this place as a percentage of experience gained in the entire game.
 F = Experience gained in this place divided by the number of levels of this place that you have seen.
                   A       B       C       D       E      F
               +-------+-------+-------+-------+-------+----------------------
         Total | 100.0 | 100.0 |  -nan |  -nan | 100.0 | 871.0
       Dungeon |  64.7 |  64.7 |  -nan |  -nan |  75.5 | 956.8
          Lair |  15.9 |  15.9 |  -nan |  -nan |  23.4 | 1629.0
         Sewer |  19.4 |  19.4 |  -nan |  -nan |   1.1 | 153.0
               +-------+-------+-------+-------+-------+----------------------
